 Dungeon Crawl Stone Soup version 0.29-a0-998-g1987434951 (webtiles) character file.

Game seed: 8353654600517589454

274 mathmaestro the Grave Robber (level 6, 0/46 HPs)
             Began as a Demonspawn Necromancer on Aug 5, 2022.
             Slain by a gnoll
             ... wielding a +0 flail
              (6 damage)
             ... on level 3 of the Dungeon.
             The game lasted 00:07:10 (3147 turns).

mathmaestro the Grave Robber (DsNe)                 Turns: 3147, Time: 00:07:11

Health: 0/46       AC:  6    Str:  8    XL:     6   Next: 3%
Magic:  7/10       EV: 12    Int: 18    God:
Gold:   192        SH:  0    Dex: 20    Spells: 7/11 levels left

rFire   . . .      SeeInvis .   c - +1 dagger
rCold   . . .      Faith    .   (no shield)
rNeg    . . .      Spirit   .   a - +1 leather armour {rPois}
rPois   +          Reflect  .   (no helmet)
rElec   .          Harm     .   (no cloak)
rCorr   .          Rampage  .   n - +0 pair of gloves
Will    .....                   s - +0 pair of boots
Stlth   ++........              (no amulet)
HPRegen 0.15/turn               i - +6 ring of dexterity
MPRegen 0.12/turn               (no ring)

@: no status effects
A: hooves 1, powered by death 1
a: no special abilities


You were on level 3 of the Dungeon.
You visited 1 branch of the dungeon, and saw 4 of its levels.

You collected 192 gold pieces.

Inventory:

Hand Weapons
 c - a +1 dagger (weapon)
Armour
 a - a +1 leather armour of poison resistance (worn)
 n - a +0 pair of gloves (worn)
 s - a +0 pair of boots (worn)
Jewellery
 i - a +6 ring of dexterity (left hand)
Scrolls
 e - a scroll of butterflies
 f - a scroll of amnesia
 h - a scroll of identify
 l - a scroll of enchant armour
Potions
 b - a potion of magic
 d - 2 potions of curing
 k - 2 potions of lignification {unknown}
 o - 2 potions of heal wounds {unknown}
 r - a potion of cancellation {unknown}


   Skills:
 + Level 2.6 Fighting
 * Level 2.4 Armour
 - Level 2.0 Dodging
 - Level 2.0 Stealth
 + Level 3.2 Spellcasting
 + Level 5.4 Necromancy


You had 7 spell levels left.
You knew the following spells:

 Your Spells              Type           Power      Damage    Failure   Level
a - Necrotise             Necr           88%        1d8       2%          1
b - Vampiric Draining     Necr           22%        2d7       7%          3

Your spell library contained the following spells:

 Spells                   Type           Power      Damage    Failure   Level
 Animate Dead             Necr           22%        N/A       24%         4
 Agony                    Necr           22%        N/A       54%         5


Dungeon Overview and Level Annotations

Branches:
Dungeon (4/15)
 Temple: D:4-7

Altars:


Innate Abilities, Weirdness & Mutations

You have large cloven feet.
You regenerate a little health from kills.


Message History

You kill the hound!
You have reached level 6!
Your butterfly disappears in a burst of colours!
You feel your willpower return.
Your butterfly disappears in a burst of colours!
Your butterfly disappears in a burst of colours!
Your magical contamination has completely faded away.
You hear the slow hiss of a very distant avalanche of sand.
Your hound skeleton crumbles into dust!
An adder comes into view.
A kobold comes into view. It is wielding a +0 club.
A kobold comes into view. It is wielding a +0 club.
Found a stone staircase leading down.
There is a stone staircase leading down here.
Found 8 gold pieces.
You now have 192 gold pieces (gained 8).
You hear the slow hiss of a very distant avalanche of sand.
A gnoll comes into view.
It is wielding a +0 flail. 2 gnolls come into view.
The gnoll shouts!
The gnoll shouts!
The gnoll hits you with a +0 flail! The gnoll hits you with a +0 halberd!
The gnoll attacks as you move away! The gnoll completely misses you.
The gnoll hits you with a +0 halberd. The gnoll closely misses you.
There is an escape hatch in the ceiling here.
The gnoll closely misses you.
The gnoll hits you from afar with a +0 halberd!
* * * LOW HITPOINT WARNING * * *
The gnoll hits you with a +0 flail.
* * * LOW HITPOINT WARNING * * *
A mysterious force pulls you upwards. The hatch slams shut behind you.
Casting: Necrotise (safe; 2% risk of failure)
Confirm with . or Enter, or press ? or * to list all spells.
Aiming: Vampiric Draining (dangerous; 7% risk of failure)
Press: ? - help, Shift-Dir - straight line, f - gnoll
Aim: a gnoll, wielding a +0 flail You draw life force from the gnoll.
You feel life coursing into your body. The gnoll hits you but does no damage.
The gnoll hits you with a +0 flail.
You die...

..# #..#####..###.###### #......
..###..........[)).....# #####.#
..##...#####....).####.# #.#
...........####''#####.# #..
.###...#.###≈≈≈..≈≈≈##.# ### .#
##.##.##§≈≈≈..≈≈≈≈### # .#
#.####≈≈≈≈≈..≈≈≈≈≈## # .#
#.###≈≈≈≈≈≈g.§≈≈≈≈≈## # .#
#.##≈≈≈≈≈≈≈g@≈≈≈≈≈≈≈# # .# #.#
§≈≈≈≈≈≈..≈≈≈≈≈§≈§ # .# #.#
≈≈≈≈≈≈≈..≈§≈≈≈≈≈§ # .#
#.#≈§≈≈≈≈≈8..8≈≈≈≈≈≈§ # .#
###≈§≈≈≈≈≈.≈≈.≈≈≈≈§≈≈ # .#
≈§≈≈§≈≈.≈≈.≈≈≈≈≈≈§ ## .#
≈§≈≈≈≈≈8..8≈≈≈≈≈≈§#######. .#
≈≈≈≈≈≈≈≈§≈≈≈≈≈≈≈≈≈#.......
.######≈≈≈≈§≈§≈§≈§§≈≈§≈≈≈#.#####.


You could see 2 gnolls.

Vanquished Creatures
  2 hounds (D:4)
  An orc priest (D:3)
  Natasha (thrice) (D:3)
  5 adders
  3 orcs (D:3)
  5 bats
  6 endoplasms
  A giant cockroach (D:3)
  5 goblins
  9 hobgoblins
  5 quokkas
  2 ball pythons
  5 frilled lizards
  2 kobolds (D:1)
  8 rats
62 creatures vanquished.

Vanquished Creatures (collateral kills)
  A dart slug (D:1)
  An endoplasm (D:1)
  A ball python (D:3)
3 creatures vanquished.

Grand Total: 65 creatures vanquished

Notes
Turn   | Place    | Note
-------+----------+-------------------------------------------
     0 | D:1      | mathmaestro the Demonspawn Necromancer began the quest for
                  | the Orb.
     0 | D:1      | Reached XP level 1. HP: 13/13 MP: 3/3
   180 | D:1      | Gained mutation: You regenerate a little health from kills.
                  | [demonic ancestry]
   180 | D:1      | Reached XP level 2. HP: 20/20 MP: 3/5
   632 | D:1      | Reached skill level 1 in Fighting
   820 | D:1      | Gained mutation: You have large cloven feet. [demonic
                  | ancestry]
   820 | D:1      | Reached XP level 3. HP: 26/26 MP: 0/6
  1092 | D:1      | Learned a level 3 spell: Vampiric Draining
  2003 | D:3      | Reached skill level 5 in Necromancy
  2003 | D:3      | Reached XP level 4. HP: 25/33 MP: 4/8
  2083 | D:3      | Found a faded altar of an unknown god.
  2331 | D:3      | Noticed Natasha
  2369 | D:3      | Killed Natasha
  2370 | D:3      | Reached skill level 1 in Armour
  2419 | D:3      | Noticed Natasha
  2427 | D:3      | Killed Natasha
  2428 | D:3      | Reached XP level 5. HP: 29/38 MP: 2/9
  2817 | D:3      | Noticed Natasha
  2820 | D:3      | Killed Natasha
  3025 | D:3      | You fall into a shaft and drop 1 floor!
  3066 | D:4      | Reached XP level 6. HP: 36/46 MP: 0/10
  3147 | D:3      | Slain by a gnoll

Illustrated notes

Levels and vault maps discovered:
D:1:      dpeg_arrival_renting, layout_basic
D:2:      layout_basic
D:3:      kennysheep_big_flooded_room, layout_loops_ring,
          hellmonk_ecumenical_altar_arch_garden, uniq_natasha
D:4:      layout_gridville, minmay_temple_entry_proselytizer,
          nicolae_ossuary_entry_giza, ebering_ghost_rock_garden, minivault_5,
          abandoned_shop

Skill      XL: |  1  2  3  4  5 |
---------------+----------------+-----
Stealth        | 2 |  2.0
Dodging        | 2 |  2.0
Fighting       | 1 2 |  2.6
Necromancy     | 5 |  5.4
Armour         | 1 2 |  2.4
Spellcasting   | 3 |  3.2

Action                   |  1- 3 |  4- 6 || total
-------------------------+-------+-------++-------
Melee: Dagger            |     8 |    12 ||    20
       Kick              |       |     1 ||     1
 Cast: Necrotise         |    71 |    51 ||   122
       Vampiric Draining |       |     3 ||     3
  Use: Scroll            |       |     9 ||     9
       Potion            |       |     1 ||     1
 Stab: Sleeping          |     1 |       ||     1
       Distracted        |       |     1 ||     1
Armor: Robe              |     7 |       ||     7
       Leather armour    |     1 |    18 ||    19
Dodge: Dodged            |    15 |    32 ||    47

Table legend: (Time is in decaauts)
 A = Elapsed time spent in this place.
 B = Non-inter-level travel time spent in this place.
 C = Inter-level travel time spent in this place.
 D = Time resting spent in this place.
 E = Time spent auto-exploring this place.
 F = Levels seen in this place.
 G = Mean time per level.
                   A        B        C        D        E       F      G
               +--------+--------+--------+--------+--------+-----+--------+
         Total |   3150 |   3112 |     38 |    569 |   1969 |   4 |  787.5 |
       Dungeon |   3150 |   3112 |     38 |    569 |   1969 |   4 |  787.5 |
               +--------+--------+--------+--------+--------+-----+--------+

Top non-repeatable levels by time:
     D:1: 1090 daAuts
     D:3: 1067 daAuts
     D:2: 872 daAuts
     D:4: 120 daAuts
